Map: [TLMC19] Dynasty

Players

DKZDark (Dark)

  • Race: Zerg Zerg
  • League: Master
  • Spawn Location: 7:00

DKZherO (herO) - Winner!

  • Race: Protoss Protoss
  • League: Master
  • Spawn Location: 1:00

VOD

Have the link to the VOD?

Description

Time

  • Played on: Dec. 23, 2023, 8:09 a.m.
  • Length: 20:33
Show
View Real Time Build Order
Export as new Build Order

DKZDark Zerg 

Build Orders: Hatch First, Lurkers 

Get SALT Encoding   

  12  0:00  Drone  
  13  0:13  Overlord  
  13  0:16  Drone  
  14  0:31  Drone x2  
  16  0:49  Hatchery  
  15  0:52  Drone  
  16  0:57  Drone  
  16  0:58  Drone  
  18  1:11  Extractor  
  18  1:14  Spawning Pool  
  18  1:18  Drone  
  17  1:21  Drone  
  18  1:34  Drone  
  19  1:45  Drone  
  20  1:56  Drone  
  21  2:01  Queen x2  
  21  2:05  Zergling x2, Overlord  
  26  2:15  Metabolic Boost  
  26  2:19  Drone x2  
  28  2:24  Zergling x4  
  30  2:33  Zergling x2  
  31  2:38  Hatchery  
  31  2:44  Queen  
  30  2:48  Overlord  
  32  2:51  Drone  
  32  2:57  Zergling x4  
  35  3:08  Drone x2  
  37  3:14  Overlord  
  37  3:15  Drone, Queen  
  37  3:17  Drone  
  41  3:21  Drone  
  41  3:22  Drone  
  43  3:29  Overlord  
  43  3:34  Queen  
  45  3:42  Overlord  
  45  3:45  Drone x2  
  45  3:47  Drone  
  48  3:52  Drone x2  
  46  3:56  Drone x3  
  46  3:59  Drone  
  49  4:06  Drone x2  
  49  4:09  Drone  
  52  4:16  Drone  
  52  4:17  Spore Crawler  
  52  4:18  Spore Crawler  
  52  4:20  Queen  
  53  4:24  Drone  
  53  4:25  Drone  
  53  4:26  Drone  
  53  4:30  Drone  
  56  4:31  Drone x2  
  56  4:33  Drone  
  59  4:39  Drone x4  
  65  4:45  Drone x3  
  65  4:48  Spore Crawler  
  65  4:49  Drone  
  65  4:52  Drone x2  
  68  4:54  Drone  
  68  4:55  Drone  
  70  5:02  Drone  
  70  5:04  Drone  
  70  5:05  Drone  
  70  5:06  Overlord  
  69  5:14  Overlord  
  69  5:17  Roach Warren, Hatchery  
  69  5:18  Drone x3  
  70  5:21  Overlord  
  70  5:25  Zergling x4  
  70  5:26  Lair  
  72  5:28  Extractor  
  72  5:29  Drone  
  72  5:31  Evolution Chamber  
  72  5:32  Drone x3  
  72  5:33  Drone  
  76  5:42  Drone  
  76  5:43  Drone x7  
  76  5:47  Drone x3  
  86  5:50  Drone  
  86  5:54  Extractor  
  86  5:55  Overlord  
  86  5:56  Extractor  
  85  5:57  Extractor  
  85  6:00  Zerg Missile Weapons Level 1  
  85  6:01  Drone x2, Overlord  
  85  6:02  Overlord  
  86  6:06  Overlord  
  86  6:09  Overlord  
  86  6:10  Roach  
  88  6:18  Roach x2  
  92  6:20  Roach  
  92  6:24  Zergling x6  
  97  6:33  Zergling x12  
  97  6:34  Zergling x6  
  97  6:36  Ravager  
  97  6:38  Ravager  
  106  6:40  Zergling x6  
  106  6:45  Ravager x2  
  111  6:49  Drone x3  
  111  6:50  Spore Crawler  
  111  6:51  Extractor x2  
  111  6:58  Infestation Pit  
  111  7:00  Hydralisk Den  
  108  7:02  Zergling x26  
  121  7:12  Zergling x6  
  121  7:14  Zergling x2  
  122  7:24  Zergling x4  
  122  7:25  Zergling x8  
  119  7:38  Zergling x18  
  119  7:41  Queen  
  125  7:50  Zergling x12  
  128  7:52  Hive  
  128  7:53  Grooved Spines  
  128  7:55  Lurker Den  
  128  7:57  Drone x4  
  129  8:01  Drone x2  
  129  8:04  Drone  
  129  8:08  Drone  
  129  8:11  Roach x2  
  134  8:19  Overlord x2  
  134  8:24  Zerg Missile Weapons Level 2  
  134  8:26  Drone  
  135  8:38  Drone  
  135  8:39  Drone x7  
  142  8:42  Hydralisk  
  142  8:43  Muscular Augments  
  142  8:44  Hydralisk  
  146  8:49  Hydralisk x2  
  146  8:54  Overlord x3  
  146  9:10  Hydralisk x3  
  146  9:11  Hydralisk  
  146  9:14  Hydralisk x3  
  146  9:16  Hydralisk  
  146  9:17  Hydralisk x3  
  155  9:23  Seismic Spines  
  163  9:25  Lurker x3  
  163  9:28  Spore Crawler  
  166  9:31  Hydralisk x3  
  166  9:38  Lurker  
  173  9:40  Lurker, Hydralisk  
  173  9:42  Overlord  
  176  9:49  Overlord  
  176  9:51  Overlord  
  176  9:56  Overlord  
  173  10:02  Lurker x8  
  173  10:03  Lurker  
  173  10:06  Hydralisk  
  183  10:19  Hatchery  
  182  10:23  Drone x3  
  185  10:31  Hydralisk  
  185  10:32  Hydralisk x3  
  185  10:33  Zergling x4  
  185  10:34  Adaptive Talons  
  192  10:38  Hydralisk x2  
  192  10:41  Hydralisk x2  
  192  10:59  Hatchery  
  178  11:09  Hydralisk x2  
  178  11:10  Hydralisk x3  
  178  11:12  Hydralisk x4  
  178  11:16  Lurker x2  
  180  11:32  Zerg Missile Weapons Level 3  
  177  11:34  Lurker  
  177  11:35  Zergling x16  
  173  11:45  Hydralisk x3  
  176  11:52  Hydralisk x3  
  174  12:02  Hydralisk x4  
  177  12:13  Hydralisk x3  
  177  12:14  Zergling x4  
  177  12:15  Zergling x4  
  156  12:20  Drone x3  
  156  12:21  Drone  
  156  12:22  Drone  
  161  12:24  Lurker x2  
  161  12:26  Hydralisk x2  
  149  12:42  Roach  
  149  12:43  Roach x7  
  142  12:49  Roach x5  
  149  12:57  Lurker  
  149  12:58  Lurker  
  150  12:59  Drone x4  
  150  13:00  Drone  
  150  13:01  Extractor x2  
  150  13:05  Lurker  
  154  13:10  Roach x4  
  154  13:11  Roach x2  
  166  13:18  Zergling x6  
  168  13:30  Glial Reconstitution  
  168  13:33  Zergling x22  
  179  13:41  Drone x2  
  179  13:42  Drone x2, Spore Crawler  
  179  13:46  Spore Crawler x2  
  179  13:50  Viper x2  
  184  13:58  Hatchery  
  183  14:03  Drone  
  183  14:04  Drone x5  
  183  14:06  Spine Crawler  
  183  14:07  Spine Crawler  
  183  14:08  Lurker x5  
  183  14:09  Zerg Ground Armor Level 1  
  191  14:16  Adrenal Glands  
  182  14:32  Hydralisk x8  
  198  14:40  Overseer x2  
  198  14:58  Lurker x2  
  193  15:07  Hydralisk x3  
  197  15:20  Drone x3  
  200  15:22  Spore Crawler  
  200  15:23  Spore Crawler  
  196  15:31  Hydralisk x6  
  196  15:32  Hydralisk x3  
  196  15:35  Hydralisk x2  
  192  15:49  Hydralisk  
  161  15:50  Hydralisk x16  
  161  15:52  Hydralisk  
  161  15:56  Hydralisk  
  161  15:57  Hydralisk  
  167  16:00  Hydralisk x2  
  156  16:08  Hydralisk x3  
  106  16:35  Hydralisk x10  
  106  16:38  Hydralisk  
  117  16:41  Hydralisk  
  117  16:42  Hydralisk  
  117  16:43  Zergling x14  
  117  16:46  Spore Crawler  
  117  16:47  Roach  
  116  16:48  Roach  
  116  16:51  Roach x3  
  124  16:56  Overlord, Lurker  
  124  16:59  Overlord x2  
  125  17:05  Hydralisk  
  119  17:17  Hydralisk x8  
  133  17:26  Drone  
  133  17:27  Lurker x3  
  137  17:35  Drone x8  
  137  17:36  Zerg Ground Armor Level 2  
  144  17:40  Lurker  
  145  17:44  Hydralisk x2  
  145  17:49  Overlord x2  
  149  17:54  Hatchery  
  137  18:15  Hydralisk  
  137  18:16  Hydralisk x7  
  137  18:18  Hydralisk  
  127  18:20  Hydralisk  
  127  18:23  Drone  
  114  18:41  Hydralisk x4  
  113  18:50  Hydralisk x3  
  113  18:54  Drone  
  113  18:55  Drone  
  122  19:05  Viper  
  122  19:09  Lurker x2  
  130  19:13  Lurker  
  130  19:16  Drone x2  
  124  19:24  Viper  
  124  19:25  Viper  
  124  19:29  Lurker x2  
  129  19:38  Drone x3, Extractor  
  131  19:39  Extractor  
  131  19:40  Overseer  
  131  19:41  Hydralisk x4  
  131  19:44  Drone x3  
  141  19:56  Overseer  
  141  20:00  Hydralisk x4  
Show
View Real Time Build Order
Export as new Build Order

DKZherO Protoss - Winner!

Build Orders: 1 Gate Expand, Oracle Opening, Carriers 

Get SALT Encoding   

  12  0:00  Probe  
  13  0:12  Probe  
  14  0:17  Pylon  
  14  0:24  Probe  
  15  0:36  Gateway  
  15  0:37  Probe (Chrono Boost)  
  16  0:42  Assimilator  
  16  0:48  Probe (Chrono Boost)  
  17  0:53  Probe (Chrono Boost)  
  18  1:03  Probe  
  19  1:15  Probe  
  20  1:23  Cybernetics Core  
  20  1:32  Nexus  
  20  1:40  Pylon  
  20  1:43  Probe  
  21  1:48  Assimilator  
  21  1:55  Probe  
  21  1:56  Adept (Chrono Boost)  
  24  2:07  Probe  
  25  2:12  Stargate  
  25  2:16  Adept (Chrono Boost)  
  25  2:19  Probe  
  28  2:26  Warp Gate  
  28  2:32  Probe  
  29  2:38  Adept  
  31  2:46  Probe  
  31  2:48  Probe  
  33  2:54  Pylon  
  33  2:57  Oracle (Chrono Boost)  
  33  3:01  Probe x2  
  38  3:09  Pylon  
  38  3:13  Probe x2  
  40  3:20  Gateway  
  40  3:25  Oracle (Chrono Boost), Probe x2  
  45  3:37  Probe  
  45  3:38  Probe  
  47  3:58  Oracle (Chrono Boost), Probe x2  
  52  4:03  Nexus  
  52  4:04  Pylon  
  52  4:10  Probe  
  52  4:11  Assimilator, Probe  
  52  4:12  Assimilator  
  54  4:18  Twilight Council  
  54  4:23  Probe x2  
  56  4:27  Pylon  
  56  4:35  Probe x2  
  56  4:37  Gateway  
  58  4:40  Gateway  
  58  4:48  Blink (Chrono Boost), Probe x2  
  58  4:50  Shield Battery  
  60  5:00  Probe x2  
  60  5:03  Stalker x2  
  63  5:15  Probe x2  
  63  5:18  Probe  
  63  5:20  Gateway  
  63  5:21  Gateway  
  66  5:28  Probe x2  
  67  5:30  Probe  
  67  5:32  Stalker x3  
  75  5:37  Stalker  
  75  5:39  Pylon  
  75  5:40  Probe  
  75  5:41  Probe  
  75  5:42  Probe  
  80  5:45  Assimilator  
  80  5:47  Oracle  
  83  5:51  Pylon  
  83  5:53  Probe x2  
  85  5:57  Probe  
  85  6:04  Stalker x3  
  88  6:06  Pylon  
  88  6:10  Stalker  
  94  6:16  Forge  
  94  6:17  Probe x2  
  94  6:18  Forge  
  96  6:19  Probe  
  96  6:23  Charge (Chrono Boost)  
  97  6:26  Pylon  
  97  6:27  Robotics Facility  
  97  6:39  Stalker x5  
  103  6:40  Stalker  
  105  6:48  Protoss Ground Armor Level 1 (Chrono Boost), Protoss Ground Weapons Level 1 (Chrono Boost)  
  105  7:06  Nexus  
  105  7:08  Pylon  
  105  7:11  Stalker x6  
  116  7:27  Probe x3, Immortal (Chrono Boost)  
  113  7:47  Shield Battery  
  113  7:49  Stalker x6  
  111  7:53  Probe  
  111  7:54  Shield Battery, Probe x2  
  114  8:00  Immortal (Chrono Boost)  
  118  8:07  Robotics Facility  
  118  8:08  Robotics Bay, Probe x3  
  118  8:12  Assimilator  
  121  8:15  Assimilator  
  121  8:16  Photon Cannon  
  121  8:18  Gateway, Pylon  
  121  8:21  Gateway  
  121  8:22  Shield Battery  
  121  8:25  Pylon  
  121  8:29  Pylon  
  121  8:30  Zealot x5  
  131  8:42  Stalker  
  131  8:43  Probe x4  
  131  8:46  Warp Prism (Chrono Boost)  
  131  8:47  Photon Cannon  
  137  8:54  Protoss Ground Armor Level 2 (Chrono Boost), Protoss Ground Weapons Level 2 (Chrono Boost)  
  139  9:00  Extended Thermal Lance  
  139  9:04  Colossus (Chrono Boost)  
  145  9:12  Colossus (Chrono Boost)  
  138  9:24  Nexus  
  138  9:25  Gateway  
  138  9:27  Pylon  
  138  9:30  Pylon  
  138  9:31  Stalker x4  
  146  9:44  Pylon  
  146  9:45  Zealot x4  
  154  9:49  Photon Cannon  
  154  9:51  Shield Battery  
  154  9:59  Colossus x2 (Chrono Boost)  
  164  10:13  Zealot x5  
  164  10:23  Stalker x3, Stargate  
  164  10:24  Fleet Beacon  
  160  10:34  Photon Cannon  
  160  10:36  Photon Cannon  
  160  10:41  Cybernetics Core  
  160  10:42  Templar Archives  
  160  10:47  Zealot x5, Pylon  
  160  10:48  Zealot, Observer x2 (Chrono Boost)  
  174  10:54  Zealot x3  
  175  11:10  Disruptor x2  
  154  11:19  High Templar x2  
  154  11:20  Zealot x5, High Templar x2  
  172  11:27  Archon x2, Carrier (Chrono Boost)  
  170  11:48  Zealot x3  
  170  11:49  Zealot x2  
  170  11:52  Pylon  
  170  11:53  Zealot  
  170  11:54  Zealot x3  
  166  12:12  Carrier (Chrono Boost)  
  150  12:19  Zealot x7  
  162  12:23  Carrier (Chrono Boost)  
  160  12:32  Nexus  
  142  12:50  High Templar  
  142  12:51  High Templar x5  
  141  12:53  Observer  
  149  12:59  Archon x3  
  155  13:13  Carrier (Chrono Boost), Probe x2  
  155  13:14  Nexus, Pylon  
  155  13:17  Assimilator  
  157  13:21  Assimilator  
  157  13:29  Protoss Air Weapons Level 1 (Chrono Boost)  
  157  13:32  Pylon, Probe x3  
  157  13:34  Shield Battery, Pylon  
  159  13:36  Stalker x2  
  163  13:44  Probe x2  
  165  13:50  Carrier (Chrono Boost)  
  172  13:59  Zealot x2, Sentry  
  172  14:00  Zealot  
  179  14:08  High Templar  
  181  14:21  Pylon  
  181  14:24  Pylon  
  181  14:25  Warp Prism, Pylon  
  183  14:38  Carrier (Chrono Boost)  
  189  14:47  Zealot x3, High Templar  
  189  14:52  Archon  
  197  15:04  Mothership (Chrono Boost)  
  197  15:15  Photon Cannon  
  197  15:21  Pylon  
  197  15:25  Nexus  
  197  15:26  Pylon  
  178  15:33  Zealot x6  
  140  15:56  Zealot x6  
  112  16:11  Carrier (Chrono Boost)  
  108  16:26  Psionic Storm  
  108  16:27  Carrier (Chrono Boost)  
  108  16:34  High Templar  
  108  16:35  High Templar x5  
  108  16:38  Shield Battery  
  108  16:52  Immortal (Chrono Boost)  
  113  17:03  Observer (Chrono Boost)  
  113  17:08  Assimilator  
  113  17:09  Assimilator  
  107  17:23  Zealot x2, High Templar x4  
  107  17:26  Archon  
  107  17:27  Archon  
  107  17:28  Gateway  
  119  17:31  Gateway  
  119  17:33  Photon Cannon  
  119  17:39  Carrier (Chrono Boost)  
  125  17:51  Carrier (Chrono Boost)  
  125  17:52  Observer x2  
  125  17:58  Zealot x5  
  141  18:02  Zealot  
  138  18:19  Zealot x5  
  103  18:27  Observer  
  103  18:28  Observer  
  99  18:36  High Templar x2  
  99  18:39  Observer  
  102  18:43  High Templar x2  
  102  18:44  Zealot x2  
  102  18:45  Archon  
  109  18:53  Archon  
  100  19:03  Observer (Chrono Boost)  
  100  19:21  Zealot x2  
  104  19:24  Observer  
  104  19:32  Probe x2  
  104  19:33  Probe x2  
  104  19:34  Probe  
  104  19:37  Gravitic Boosters (Chrono Boost)  
  109  19:45  Probe x4  
  113  20:01  Zealot x4  
  121  20:08  Photon Cannon  
  99  20:22  Archon  
  93  20:26  Zealot  
  93  20:27  Zealot x4  
Tags
 
Add a new tag
Caveats
  • Supply blocks, unpowered buildings, or Contaminate may cause inaccurate times.
  • Supply counts are checked every 10 seconds.